 Seeded DCSS version 0.29-a0-375-g5102b3be25 (webtiles) character file.

Game seed: 12277325093202877910 (custom seed)

2660 zeratav the Bludgeoner (level 9, -4/70 HPs)
             Began as a Minotaur Fighter on May 3, 2022.
             Was a Priest of Trog.
             Slain by a hornet (7 damage)
             ... on level 7 of the Dungeon.
             The game lasted 00:08:11 (4679 turns).

zeratav the Bludgeoner (Minotaur Fighter)           Turns: 4679, Time: 00:08:12

Health: -4/70      AC: 18    Str: 25    XL:     9   Next: 36%
Magic:  8/8        EV: 10    Int:  3    God:    Trog [***...]
Gold:   376        SH:  4    Dex: 10    Spells: 8/8 levels left

rFire   + . .      SeeInvis +   m - +6 morningstar "Vuaseg" {speed, rN+ Will+++ Int-2 SInv, mace}
rCold   . . .      Faith    .   c - +0 buckler
rNeg    + . .      Spirit   .   B - +8 ring mail "Fixzy" {rF+ Regen+ Stlth+}
rPois   .          Reflect  .   (helmet restricted)
rElec   .          Harm     .   (no cloak)
rCorr   .          Rampage  .   A - +0 pair of gloves
Will    +++..                   (no boots)
Stlth   +.........              (no amulet)
HPRegen 1.01/turn               j - +4 ring of protection
MPRegen 0.11/turn               (no ring)

@: lethally poisoned (-4 -> -11), about to teleport, slowed, very slow
A: horns 2, retaliatory headbutt
a: Renounce Religion, Berserk, Trog's Hand


You were on level 7 of the Dungeon.
You worshipped Trog.
Trog was most pleased with you.
You visited 1 branch of the dungeon, and saw 7 of its levels.

You collected 376 gold pieces.


Innate Abilities, Weirdness & Mutations

You have a pair of horns on your head.
You reflexively headbutt those who attack you in melee.


   Skills:
 - Level 3.6 Fighting
 + Level 15.1 Maces & Flails
 - Level 3.6 Armour
 - Level 3.6 Shields


You had 8 spell levels left.
You didn't know any spells.
Your spell library contained the following spells:

 Spells                   Type           Power      Damage    Failure   Level
 Pain                     Necr           0%         1d4       77%         1
 Agony                    Necr           0%         N/A       100%        5
 Excruciating Wounds      Necr           0%         N/A       100%        5

Inventory:

Hand Weapons
 m - the +6 morningstar "Vuaseg" (weapon) {speed, rN+ Will+++ Int-2 SInv, mace}
   (You acquired it on level 2 of the Dungeon)

   Attacks with this weapon are significantly faster.
   Int:       It affects your intelligence (-2).
   rN:        It protects you from negative energy.
   SInv:      It lets you see invisible.
   Will:      It greatly increases your willpower.
 F - the +10 hand axe of the Warrior-Mage {drain, rF+ rC+ Int+2, axe}
   (You found it on level 6 of the Dungeon)

   A truly terrible weapon, it drains the life of any living foe it strikes.
   Int:       It affects your intelligence (+2).
   rF:        It protects you from fire.
   rC:        It protects you from cold.
Armour
 b - a +0 chain mail
   (You found it on level 6 of the Dungeon)
 c - a +0 buckler (worn)
 l - a +0 robe
   (You took it off an orc wizard on level 6 of the Dungeon)
 z - a +0 scale mail
   (You took it off an orc on level 6 of the Dungeon)
 A - a +0 pair of gloves (worn)
   (You found it on level 5 of the Dungeon)
 B - the +8 ring mail "Fixzy" (worn) {rF+ Regen+ Stlth+}
   (You found it on level 5 of the Dungeon)

   rF:        It protects you from fire.
   Regen:     It increases your rate of health regeneration.
   Stlth:     It makes you more stealthy.
 D - a +0 robe
   (You took it off an orc wizard on level 6 of the Dungeon)
 E - a +0 robe
   (You took it off an orc wizard on level 6 of the Dungeon)
 G - a +0 scale mail
   (You took it off a gnoll sergeant on level 7 of the Dungeon)
 M - a +0 cloak
   (You found it on level 7 of the Dungeon)
 N - a +0 cloak
   (You found it on level 7 of the Dungeon)
 R - a +0 cloak
   (You found it on level 7 of the Dungeon)
 S - a +0 leather armour
   (You found it on level 7 of the Dungeon)
Jewellery
 j - a +4 ring of protection (left hand)
   (You found it on level 1 of the Dungeon)
 t - a ring of poison resistance
   (You found it on level 3 of the Dungeon)
 I - a ring of willpower
   (You found it on level 7 of the Dungeon)
 O - a ring of positive energy
   (You found it on level 5 of the Dungeon)
 Q - a +6 ring of dexterity
   (You found it on level 7 of the Dungeon)
Wands
 a - a wand of polymorph (13)
   (You found it on level 6 of the Dungeon)
 q - a wand of iceblast (8)
   (You found it on level 2 of the Dungeon)
 C - a wand of flame (15)
   (You found it on level 5 of the Dungeon)
 P - a wand of paralysis (5)
   (You found it on level 5 of the Dungeon)
Scrolls
 e - a scroll of torment {unknown}
 g - 7 scrolls of identify {@r1}
 i - 3 scrolls of poison {!r}
 n - a scroll of noise {unknown}
 o - a scroll of brand weapon {unknown}
 r - 2 scrolls of fog {unknown}
 v - 2 scrolls of amnesia {unknown}
 x - a scroll of vulnerability {unknown}
 y - 2 scrolls of fear {unknown}
 H - a scroll of enchant weapon {unknown}
 J - a scroll of silence {unknown}
 K - a scroll of magic mapping {unknown}
Potions
 d - 2 potions of might
 f - 2 potions of attraction {unknown}
 k - 3 potions of flight {unknown}
 p - 4 potions of heal wounds {unknown}
 s - a potion of mutation {unknown}
 u - a potion of resistance {unknown}
 w - a potion of curing {unknown}
 L - 2 potions of invisibility {unknown}

Dungeon Overview and Level Annotations

Branches:
Dungeon (7/15)             Temple (0/1) D:4

Altars:
Qazlal
Trog

######...........#
#............#
####+###.....#
#....##.....#
#.).........# .
#...........#
...##.!!........#
$.....yy.##.....#
..##$y@o########


#hyyo# ..[..oo.. ...$...o..... ...##..$)##.... ## #..<)# )!.. ....$. ?.. #.$....
.. You could see a hornet, a hound, 4 killer bees, 3 orc priests and 2 orcs.


Message History

Your hp is fully restored (70).
G - a +0 scale mail
Things that are here:
a +0 spear {polearm}; a gnoll corpse
Things that are here:
a +0 halberd {polearm}; a gnoll corpse
Things that are here:
a +0 flail {mace}; a gnoll corpse
H - a scroll labelled MOOSEPTOFAMM
I - a ring of willpower You now have 336 gold pieces (gained 18).
p - 4 grey potions (gained 1)
You now have 353 gold pieces (gained 17).
You now have 363 gold pieces (gained 10).
There is a stone staircase leading up here.
You see here a +0 hand axe {axe}.
Things that are here:
a +0 spear {polearm}; a gnoll corpse
M - a +0 cloak
N - a +0 cloak
Q - a +6 ring of dexterity
k - 3 fizzy dark potions (gained 1)
R - a +0 cloak You now have 376 gold pieces (gained 13).
S - a +0 leather armour An orc and an orc priest come into view.
Found an ivory rapier, a gold piece and an ebony flail.
Found a stone staircase leading up.
The orc shouts!
The orc priest shouts!
You hear an angry buzzing noise.
An orc priest comes into view. It is wielding a +0 mace.
A killer bee comes into view.
The orc priest shouts!
Unknown command.
Okay, then.
A hornet comes into view.
You hear a shout!
The killer bee buzzes angrily.
A killer bee comes into view. x3
The orc priest mumbles some strange prayers to Beogh against you.
Beogh smites you!
HP[-12]
You take 12 damage, and now have 58/70 hp.
An orc priest comes into view. It is wielding a +0 club.
The hornet buzzes angrily.
The orc priest shouts!
An orc comes into view. It is wielding a +0 mace.
A hound comes into view.
You closely miss the killer bee.
The orc priest looks braver for a moment.
The hornet stings you!
You suddenly lose the ability to move!
The killer bee stings you but does no damage.
The killer bee stings you but does no damage. x2
The hornet stings you but does no damage.
The killer bee stings you but does no damage. x3
The hornet barely misses you.
The killer bee stings you but does no damage. x3
The orc priest invokes the aid of Beogh against you.
Beogh smites you!
The orc priest looks encouraged for a moment.
The hornet stings you but does no damage.
The killer bee stings you.
The killer bee stings you but does no damage.
The hound barks!
The killer bee stings you but does no damage. x2
The killer bee stings you.
* * * LOW HITPOINT WARNING * * *
You are poisoned.
The killer bee poisons you!
The killer bee stings you but does no damage.
The hornet stings you!
* * * LOW HITPOINT WARNING * * *
You feel yourself slow down.
The orc priest begins to cast a cantrip, but forgets the words!
The killer bee stings you but does no damage.
The killer bee stings you.
* * * LOW HITPOINT WARNING * * *
The killer bee stings you but does no damage.
The killer bee stings you.
* * * LOW HITPOINT WARNING * * *
You can move again.
HP[-42]
You take 42 damage, and now have 16/70 hp.
MASSIVE DAMAGE!! (PAUSE)
As you read the scroll of teleportation {@r4}, it crumbles to dust.
You feel strangely unstable.
You feel sick. You block the hornet's attack. The killer bee stings you.
* * * LOW HITPOINT WARNING * * *
The killer bee stings you but does no damage.
The killer bee closely misses you.
The killer bee stings you but does no damage.
The hornet barely misses you. You furiously retaliate!
You headbutt the hornet. The killer bee stings you!
* * * LOW HITPOINT WARNING * * *
You block the killer bee's attack. The killer bee barely misses you.
The killer bee stings you but does no damage.
The orc priest closely misses you. The orc completely misses you.
The orc barely misses you. The killer bee completely misses you.
The orc priest misses you. The killer bee stings you.
* * * LOW HITPOINT WARNING * * *
You are lethally poisoned!
The killer bee poisons you! The hornet stings you!
You die...

Skill      XL: |  1  2  3  4  5  6  7  8  9 |
---------------+----------------------------+-----
Maces & Flails | 3 4 5 6 8 9 11 14 15 | 15.1
Fighting       | |  3.6
Armour         | |  3.6
Shields        | |  3.6

Action                   |  1- 3 |  4- 6 |  7- 9 || total
-------------------------+-------+-------+-------++-------
Melee: Flail             |    57 |       |       ||    57
       Headbutt          |     6 |     9 |    25 ||    40
       Morningstar       |     5 |    62 |   135 ||   202
Invok: Berserk           |       |     1 |     1 ||     2
       Trog's Hand       |       |     1 |     1 ||     2
  Use: Scroll            |     4 |       |     1 ||     5
 Stab: Sleeping          |       |       |     1 ||     1
Armor: Scale mail        |    30 |    19 |       ||    49
       Ring mail         |       |       |    80 ||    80
Dodge: Dodged            |    22 |    20 |    56 ||    98
Block: Buckler           |    25 |     8 |    20 ||    53

Levels and vault maps discovered:
D:1:      tarquinn_simple_flora_water_e, layout_basic, basic_ecumenical_altar,
          nicolae_concentric_dashed_squares_wild
D:2:      layout_basic
D:3:      layout_loops_ring
D:4:      layout_loops_corners, minmay_temple_entry_sparse_star
D:5:      layout_basic, mainiacjoe_overflow_six_doors_small
D:6:      layout_rooms
D:7:      layout_gridville, uniq_duvessa

Notes
Turn   | Place    | Note
-------+----------+-------------------------------------------
     0 | D:1      | zeratav the Minotaur Fighter began the quest for the Orb.
     0 | D:1      | Reached XP level 1. HP: 19/19 MP: 0/0
     0 | D:1      | magus.rc [v1.9.6]
   252 | D:1      | Reached skill level 3 in Maces & Flails
   254 | D:1      | Reached XP level 2. HP: 14/26 MP: 1/1
   482 | D:1      | Reached skill level 4 in Maces & Flails
   846 | D:1      | Reached XP level 3. HP: 31/31 MP: 2/2
  1005 | D:1      | Found a faded altar of an unknown god.
  1021 | D:1      | Prayed at the altar of an unknown god.
  1021 | D:1      | Became a worshipper of Trog the Wrathful
  1021 | D:1      | Reached * piety under Trog
  1751 | D:2      | Identified a scroll of acquirement
  1752 | D:2      | Acquired the +6 morningstar "Vuaseg" {speed, rN+ Will+++
                  | Int-2 SInv}
  1790 | D:3      | Reached skill level 5 in Maces & Flails
  1818 | D:3      | Reached XP level 4. HP: 39/39 MP: 3/3
  2224 | D:3      | Noticed a bullfrog
  2227 | D:3      | Killed a bullfrog
  2228 | D:3      | Reached skill level 6 in Maces & Flails
  2228 | D:3      | Reached XP level 5. HP: 45/45 MP: 4/4
  2480 | D:4      | Reached ** piety under Trog
  2558 | D:4      | Found a staircase to the Ecumenical Temple.
  2619 | D:4      | Reached skill level 7 in Maces & Flails
  2926 | D:4      | Noticed a black bear
  2929 | D:4      | Killed a black bear
  2930 | D:4      | Reached skill level 8 in Maces & Flails
  2930 | D:4      | Reached XP level 6. HP: 47/51 MP: 5/5
  3146 | D:4      | You pick up a book of Pain {forbidden} and begin reading...
  3146 | D:4      | You add the spells Pain, Agony and Excruciating Wounds to
                  | your library.
  3212 | D:4      | Reached skill level 9 in Maces & Flails
  3404 | D:5      | Entered Level 5 of the Dungeon
  3433 | D:5      | Reached XP level 7. HP: 57/57 MP: 6/6
  3443 | D:5      | Identified the +8 ring mail "Fixzy" {rF+ Regen+ Stlth+}
  3572 | D:5      | Reached skill level 10 in Maces & Flails
  3644 | D:5      | Reached skill level 11 in Maces & Flails
  3755 | D:5      | Reached XP level 8. HP: 64/64 MP: 7/7
  3867 | D:5      | Found a stormy altar of Qazlal.
  4025 | D:6      | Reached skill level 12 in Maces & Flails
  4039 | D:6      | HP: 24/96 [poisoned by a scorpion]
  4043 | D:6      | Reached skill level 13 in Maces & Flails
  4045 | D:6      | HP: 24/96 [poisoned by a scorpion]
  4050 | D:6      | Reached *** piety under Trog
  4125 | D:6      | Reached skill level 14 in Maces & Flails
  4125 | D:6      | Reached XP level 9. HP: 70/70 MP: 8/8
  4143 | D:6      | Identified the +10 hand axe of the Warrior-Mage {drain, rF+
                  | rC+ Int+2}
  4588 | D:7      | Reached skill level 15 in Maces & Flails
  4675 | D:7      | Paralysed by a hornet for 3 turns
  4678 | D:7      | HP: 17/70 [killer bee (5)]
  4679 | D:7      | HP: 7/70 [killer bee (7)]
  4679 | D:7      | HP: 3/70 [killer bee (4)]
  4679 | D:7      | Slain by a hornet

Vanquished Creatures
  A steam dragon (D:6)
  A water moccasin (D:7)
  A sky beast (D:6)
  3 black bears
  5 ogres
  A phantom (D:4)
  A gnoll sergeant (D:7)
  2 necrophages
  3 scorpions
  A bullfrog (D:3)
  5 wights (D:6)
  A howler monkey (D:6)
  5 hounds
  2 jellies (D:5)
  4 orc priests
  2 gnoll shamans
  5 iguanas
  6 orc wizards
  15 gnolls
  3 adders
  A white imp (D:5)
  3 dart slugs
  10 orcs
  9 endoplasms
  4 giant cockroaches
  5 goblins
  3 hobgoblins
  10 jackals
  3 ball pythons
  6 bats
  4 frilled lizards
  8 kobolds
  5 rats
138 creatures vanquished.

Vanquished Creatures (others)
  An orc priest (D:6)
1 creature vanquished.

Grand Total: 139 creatures vanquished

Table legend:
 A = Non-vault XP
 B = Vault XP
 C = Vault XP percentage of total XP
 D = Non-vault monster count
 E = Vault monster count
 F = Vault count percentage of total count
                 A         B        C        D         E       F
            +---------+---------+-------+---------+---------+-------
      Total |    3800 |       0 |   0.0 |     138 |       0 |   0.0
            +---------+---------+-------+---------+---------+-------
        D:1 |      54 |       0 |   0.0 |      25 |       0 |   0.0
        D:2 |      16 |       0 |   0.0 |       7 |       0 |   0.0
        D:3 |     131 |       0 |   0.0 |      16 |       0 |   0.0
        D:4 |     485 |       0 |   0.0 |      26 |       0 |   0.0
        D:5 |    1021 |       0 |   0.0 |      25 |       0 |   0.0
        D:6 |    1696 |       0 |   0.0 |      31 |       0 |   0.0
        D:7 |     397 |       0 |   0.0 |       8 |       0 |   0.0
            +---------+---------+-------+---------+---------+-------

Illustrated notes

Table legend:
 A = Kills in this place as a percentage of kills in entire the game.
 B = Kills by you in this place as a percentage of kills by you in the entire game.
 C = Kills by friends in this place as a percentage of kills by friends in the entire game.
 D = Other kills in this place as a percentage of other kills in the entire game.
 E = Experience gained in this place as a percentage of experience gained in the entire game.
 F = Experience gained in this place divided by the number of levels of this place that you have seen.
                   A       B       C       D       E      F
               +-------+-------+-------+-------+-------+----------------------
         Total | 100.0 | 100.0 |   N/A |   N/A | 100.0 | 542.9
       Dungeon | 100.0 | 100.0 |   N/A |   N/A | 100.0 | 542.9
               +-------+-------+-------+-------+-------+----------------------

Table legend: (Time is in decaauts)
 A = Elapsed time spent in this place.
 B = Non-inter-level travel time spent in this place.
 C = Inter-level travel time spent in this place.
 D = Time resting spent in this place.
 E = Time spent auto-exploring this place.
 F = Levels seen in this place.
 G = Mean time per level.
                   A        B        C        D        E       F      G
               +--------+--------+--------+--------+--------+-----+--------+
         Total |   4645 |   4507 |    138 |    105 |   3725 |   7 |  663.6 |
       Dungeon |   4645 |   4507 |    138 |    105 |   3725 |   7 |  663.6 |
               +--------+--------+--------+--------+--------+-----+--------+

Top non-repeatable levels by time:
     D:1: 1334 daAuts
     D:4: 1015 daAuts
     D:5: 639 daAuts
     D:3: 602 daAuts
     D:6: 492 daAuts
     D:2: 463 daAuts
     D:7: 97 daAuts
